 Dungeon Crawl Stone Soup version 0.28-a0-1404-g4df0f3684d (webtiles) character file.

Game seed: 4171404271164228603

9130 fragbeetle the Basher (level 11, -4/107 HPs)
             Began as a Troll Berserker on Jan 5, 2022.
             Was a Priest of Trog.
             Slain by a six-headed hydra (8 damage)
             ... on level 2 of the Lair of Beasts.
             The game lasted 00:35:35 (9940 turns).

fragbeetle the Basher (Troll Berserker)             Turns: 9940, Time: 00:35:36

Health: -4/107     AC:  9    Str: 27    XL:     11   Next: 19%
Magic:  10/10      EV: 11    Int:  5    God:    Trog [***...]
Gold:   137        SH:  0    Dex: 11    Spells: 10/10 levels left

rFire   . . .      SeeInvis .   C - +3 mace (freeze)
rCold   . . .      Faith    .   (no shield)
rNeg    . . .      Spirit   .   l - +0 steam dragon scales
rPois   .          Reflect  .   y - +2 hat
rElec   .          Harm     .   (no cloak)
rCorr   .          Rampage  .   (gloves unavailable)
Will    ++...                   (boots unavailable)
Stlth   +.........              (no amulet)
HPRegen 2.07/turn               (no ring)
MPRegen 0.12/turn               (no ring)

@: strong-willed, regenerating
A: large, unfitting armour, claws 3, regeneration 1, shaggy fur 1, tough skin 1
a: Renounce Religion, Berserk, Trog's Hand


You were on level 2 of the Lair of Beasts.
You worshipped Trog.
Trog was most pleased with you.
You visited 3 branches of the dungeon, and saw 13 of its levels.
You also visited: Bailey.

You collected 633 gold pieces.
You spent 496 gold pieces at shops.

Inventory:

Hand Weapons
 o - a +0 flail of protection
 B - a +2 flail of holy wrath
 C - a +3 mace of freezing (weapon)
Missiles
 c - 322 stones
 f - 3 javelins
 k - 27 poisoned darts (quivered)
Armour
 l - +0 steam dragon scales (worn)
 m - a +2 robe of positive energy
 y - a +2 hat (worn)
Wands
 a - a wand of iceblast (4)
 b - a wand of flame (27)
 q - a wand of charming (6)
Scrolls
 h - 5 scrolls of enchant weapon
 i - 4 scrolls of teleportation
 j - a scroll of blinking {unknown}
 p - a scroll of magic mapping {unknown}
 r - 3 scrolls of holy word {unknown}
 t - a scroll of brand weapon
 v - 2 scrolls of immolation
 w - a scroll of noise {unknown}
 x - 5 scrolls of summoning
 A - a scroll of fog {unknown}
 D - 3 scrolls of enchant armour
 H - a scroll of silence {unknown}
Potions
 d - 5 potions of curing
 e - a potion of flight {unknown}
 g - a potion of heal wounds
 n - a potion of berserk rage {unknown}
 s - a potion of attraction {unknown}
 u - 2 potions of resistance
 z - 4 potions of haste
 E - 2 potions of might
 F - 3 potions of invisibility


   Skills:
 + Level 6.5 Fighting
 * Level 9.9 Maces & Flails
 + Level 6.6 Throwing
 + Level 6.5 Dodging
 + Level 4.8 Evocations


You had 10 spell levels left.
You didn't know any spells.
Your spell library was empty.

Dungeon Overview and Level Annotations

Branches:
Dungeon (10/15)            Temple (1/1) D:4            Lair (2/6) D:9
    Orc (0/2) D:9          Bailey (visited)
  Swamp: Lair:2-4    Shoals: Lair:2-4     Snake: Lair:2-4    Spider: Lair:2-4

Altars:
Ashenzari
Ru
Trog
Beogh

Shops:
D:1 [   D:2 (   D:10 ?!?

Annotations:
D:2 firecloud, 1 runed translucent door, Crazy Yiuf
D:3 Sigmund
D:5 Menkaure, Pikel
D:9 2 transporters, sirJeffrey23's ghost, novice DsGl


Innate Abilities, Weirdness & Mutations

You are too large for most types of armour.
You have claws for hands.
Your natural rate of healing is unusually fast.
You are covered in fur. (AC +1)
You have tough skin. (AC +1)


Message History

(D) Dungeon (T) Temple (L) Lair (O) Orcish Mines
Where to? (Enter - Lair:1, ? - help)
What level of the Lair of Beasts? (default 1, ? - help)
There is a stone staircase leading down here.
You climb downwards.
Found a scroll labelled PURUIB UTHITIG.
There is a stone staircase leading up here.
A six-headed hydra is nearby!
Okay, then.
You climb upwards.
There is a stone staircase leading down here.
Okay, then.
Your +0 flail of protection goes still.
Your +3 mace of freezing glows with a cold blue light!
C - a +3 mace of freezing (weapon)
You climb downwards.
The six-headed hydra bites you! The six-headed hydra barely misses you.
The six-headed hydra bites you! x2
The six-headed hydra barely misses you. The six-headed hydra bites you!
There is a stone staircase leading up, spattered with blood here.
You barely miss the six-headed hydra. The six-headed hydra bites you!
The six-headed hydra bites you. x4; The six-headed hydra bites you!
Your skin crawls.
You feel strong-willed. The six-headed hydra bites you!
* * * LOW HITPOINT WARNING * * *
The six-headed hydra bites you!
* * * LOW HITPOINT WARNING * * *
The six-headed hydra bites you!
* * * LOW HITPOINT WARNING * * *
The six-headed hydra completely misses you.
The six-headed hydra bites you.
* * * LOW HITPOINT WARNING * * *
The six-headed hydra closely misses you.
Okay, then.
You hit the six-headed hydra. You freeze the six-headed hydra.
The six-headed hydra is lightly wounded.
The six-headed hydra bites you.
* * * LOW HITPOINT WARNING * * *
The six-headed hydra bites you!
You die...

### ## ..P#
##.# ##..#
#P..##....###
#...........
###......≈.P..
#?....@.≈≈....
....≈≈..D≈≈≈≈..
#.#.≈≈≈≈≈≈≈≈≈..
#.≈≈≈≈≈≈≈≈≈..
#≈≈≈≈≈≈≈≈≈...
#.≈≈≈≈≈≈≈...#
##.≈≈≈≈≈....#
.........##.


You could see a six-headed hydra.

Vanquished Creatures
  A two-headed ogre (D:9)
  An orc knight (Bailey)
  A black mamba (Lair:1)
  Joseph (Lair:1)
  A cane toad (Lair:1)
  Maggie (Lair:1)
  A komodo dragon (D:7)
  Prince Ribbit (D:5)
  6 yaks (D:9)
  Eustachio (D:4)
  A steam dragon (D:9)
  4 basilisks (D:9)
  Edmund (D:4)
  5 water moccasins
  A hornet zombie (D:9)
  An ice beast (D:8)
  6 orc warriors
  A sky beast (D:6)
  5 black bears
  A necrophage (D:6)
  5 wolves
  3 centaurs
  An ogre (D:6)
  A kobold brigand (D:9)
  3 bullfrogs
  2 gnoll sergeants
  A water moccasin zombie (D:6)
  3 wights (D:7)
  A howler monkey (D:6)
  A jelly (D:6)
  A centaur zombie (D:6)
  4 orc priests
  A centaur skeleton (D:7)
  Jessica (D:3)
  4 iguanas
  6 orc wizards
  Ijyb (D:4)
  4 hell rats (Lair:1)
  A killer bee zombie (D:6)
  A howler monkey zombie (D:5)
  An adder (D:2)
  20 gnolls
  A white imp (D:7)
  2 worms
  2 dart slugs
  45 orcs
  9 ball pythons
  7 endoplasms
  A giant cockroach (D:2)
  8 goblins
  8 hobgoblins
  3 jackals (D:2)
  15 kobolds
  3 quokkas
  3 bats
  3 frilled lizards
  2 rats
219 creatures vanquished.

Vanquished Creatures (collateral kills)
  An orc knight (Bailey)
1 creature vanquished.

Vanquished Creatures (others)
  6 fungi (D:9)
  25 plants
31 creatures vanquished.

Grand Total: 251 creatures vanquished

Notes
Turn   | Place    | Note
-------+----------+-------------------------------------------
     0 | D:1      | fragbeetle the Troll Berserker began the quest for the Orb.
     0 | D:1      | Reached XP level 1. HP: 22/22 MP: 0/0
    92 | D:1      | Found Cuiwol's Armour Shop.
   143 | D:1      | Reached XP level 2. HP: 28/29 MP: 1/1
   146 | D:1      | Reached skill level 3 in Maces & Flails
   356 | D:1      | Reached XP level 3. HP: 20/36 MP: 2/2
   591 | D:1      | Reached skill level 1 in Throwing
   904 | D:2      | Found Naeril's Antique Weapon Emporium.
   943 | D:2      | Reached ** piety under Trog
  1221 | D:2      | Reached XP level 4. HP: 44/44 MP: 3/3
  1254 | D:2      | Found a runed translucent door.
  1255 | D:2      | Noticed Crazy Yiuf
  1771 | D:3      | Noticed Sigmund
  1968 | D:3      | Noticed Jessica
  1993 | D:3      | Killed Jessica
  2288 | D:3      | Reached XP level 5. HP: 33/53 MP: 4/4
  2295 | D:3      | Reached skill level 4 in Maces & Flails
  2744 | D:4      | Found a staircase to the Ecumenical Temple.
  2772 | Temple   | Entered the Ecumenical Temple
  2831 | D:4      | Noticed Ijyb
  2832 | D:4      | Noticed Edmund
  2869 | D:4      | Killed Ijyb
  2929 | D:4      | Killed Edmund
  2930 | D:4      | Reached XP level 6. HP: 61/61 MP: 5/5
  3217 | D:4      | Noticed Eustachio
  3238 | D:4      | Killed Eustachio
  3239 | D:4      | Reached skill level 5 in Maces & Flails
  3239 | D:4      | Reached XP level 7. HP: 54/67 MP: 6/6
  3354 | D:4      | Reached skill level 1 in Evocations
  3468 | D:5      | Entered Level 5 of the Dungeon
  3544 | D:5      | Noticed Prince Ribbit
  3584 | D:5      | Killed Prince Ribbit
  3847 | D:5      | Identified the +6 mace of Exquisite Torment {protect,
                  | Fragile rPois rN+}
  3852 | D:5      | Noticed Menkaure
  3854 | D:5      | Noticed Pikel
  3936 | D:6      | Reached XP level 8. HP: 78/78 MP: 7/7
  4045 | D:6      | Reached skill level 6 in Maces & Flails
  4425 | D:7      | Noticed a komodo dragon
  4451 | D:7      | Killed a komodo dragon
  4454 | D:7      | Reached XP level 9. HP: 38/85 MP: 8/8
  4496 | D:7      | Reached skill level 7 in Maces & Flails
  4875 | D:7      | Found a bloodstained altar of Trog.
  5362 | D:8      | Found a flagged portal.
  5390 | Bailey   | Entered a bailey
  5502 | Bailey   | Reached skill level 5 in Dodging
  5502 | Bailey   | Reached *** piety under Trog
  5623 | Bailey   | Reached skill level 5 in Fighting
  5668 | Bailey   | Noticed an orc knight
  5762 | Bailey   | Killed an orc knight
  5896 | Bailey   | Reached skill level 5 in Throwing
  5941 | Bailey   | Noticed an orc knight
  5975 | Bailey   | Killed an orc knight
  5976 | Bailey   | Reached skill level 8 in Maces & Flails
  6588 | D:8      | Reached XP level 10. HP: 77/96 MP: 9/9
  7192 | D:9      | Found a staircase to the Orcish Mines.
  7286 | D:9      | Found a transporter.
  7322 | D:9      | Noticed sirJeffrey23's ghost (novice DsGl)
  7328 | D:9      | Noticed a moth of wrath
  7334 | D:9      | Noticed a wolf spider
  7368 | D:9      | Found a transporter.
  7574 | D:9      | Noticed a two-headed ogre
  7816 | D:9      | Reached skill level 9 in Maces & Flails
  7907 | D:9      | Found a staircase to the Lair.
  7931 | Lair:1   | Entered Level 1 of the Lair of Beasts
  7931 | Lair:1   | Noticed a black mamba
  8150 | D:9      | Reached **** piety under Trog
  8377 | D:10     | Entered Level 10 of the Dungeon
  8377 | D:10     | Found Fupeczof's Magic Scroll Emporium.
  8380 | D:10     | Bought a scroll of identify for 32 gold pieces
  8380 | D:10     | Bought a scroll of brand weapon for 320 gold pieces
  8445 | D:10     | Found Mainil's Distillery.
  8507 | D:10     | Found Webbaxeng's Magic Scroll Shop.
  8515 | D:10     | Bought a scroll of teleportation for 48 gold pieces
  8515 | D:10     | Bought a scroll of identify for 32 gold pieces
  8515 | D:10     | Bought a scroll of identify for 32 gold pieces
  8515 | D:10     | Bought a scroll of identify for 32 gold pieces
  8678 | D:9      | Killed a two-headed ogre
  8707 | Lair:1   | Killed a black mamba
  8708 | Lair:1   | Reached XP level 11. HP: 107/107 MP: 10/10
  9378 | Lair:1   | Noticed Joseph
  9394 | Lair:1   | Killed Joseph
  9469 | Lair:1   | Noticed Maggie
  9484 | Lair:1   | Killed Maggie
  9932 | Lair:2   | Noticed a six-headed hydra
  9940 | Lair:2   | HP: 4/107 [six-headed hydra (4)]
  9940 | Lair:2   | Slain by a six-headed hydra

Illustrated notes

Levels and vault maps discovered:
D:1:      beargit_arrival_greenhouse, layout_basic, serial_bayou,
          serial_bayou_shore_a, serial_bayou_crossing, serial_bayou_lagoon_b,
          serial_bayou_lagoon_a, serial_shops, shop, minmay_misc_feat_enclosed
D:2:      layout_basic, serial_shops, shop, lemuel_flame_loot_1,
          uniq_crazy_yiuf_cottage
D:3:      layout_basic, chequers_serial_rivers_room_b, kennysheep_orc_chapel,
          uniq_sigmund, uniq_jessica
D:4:      layout_basic, minmay_temple_entry_glassed_door, uniq_eustachio,
          uniq_ijyb, uniq_edmund
D:5:      layout_loops_corners, mainiacjoe_overflow_tiny_flanked,
          minmay_misc_feat_alley, uniq_prince_ribbit1, uniq_menkaure,
          uniq_blork_the_orc, uniq_pikel
D:6:      layout_basic
D:7:      layout_cave_pods, kennysheep_flooded_box, minmay_lizard_king
D:8:      layout_layer_cave, lightli_bailey_entry_fortress
D:9:      layout_gridville, minmay_lair_entry_grove, orc_0_dummy,
          gammafunk_ghost_berserking_beasts
D:10:     minmay_the_grid_plus_closed [minmay_the_grid_pillar_ring,
          minmay_the_grid_spikes, minmay_the_grid_minigrid_large,
          minmay_the_grid_tiny_cups,
          minmay_the_grid_prize_four_corners_diamond_a], layout_irregular_city,
          serial_shops, nicolae_square_shop, shop, nicolae_stop_n_shop_1, shop,
          ebering_ghost_funeral_grove
Temple:   minmay_crystal_snake_temple
Lair:1:   layout_layer_cave, minivault_11, grunt_megastairs_4, uniq_maggie,
          uniq_joseph
Lair:2:   layout_loops_ring, ebering_ghost_disaster_area,
          minmay_lair_oklob_bushes, nicolae_lair_lil_pond,
          infiniplex_staircase_pool, uniq_nergalle, uniq_gastronok

Skill      XL: |  1  2  3  4  5  6  7  8  9 10 |
---------------+-------------------------------+-----
Maces & Flails | 3 4 5 6 8 9 |  9.9
Throwing       | 1 2 3 4 5 6 |  6.6
Dodging        | 3 4 5 6 |  6.5
Fighting       | 3 4 5 6 |  6.5
Evocations     | 1 2 3 4 |  4.8

Action                   |  1- 3 |  4- 6 |  7- 9 | 10-12 || total
-------------------------+-------+-------+-------+-------++-------
Melee: Mace              |    59 |       |       |     2 ||    61
       Flail             |    62 |   155 |   417 |   375 ||  1009
       Punch             |     1 |     1 |     2 |     8 ||    12
Throw: Dart              |       |     2 |    50 |    22 ||    74
       Stone             |       |       |       |     3 ||     3
Invok: Trog's Hand       |       |     4 |     3 |     4 ||    11
       Berserk           |       |     4 |     7 |     7 ||    18
Evoke: Wand              |       |       |     2 |     2 ||     4
  Use: Scroll            |       |     2 |     1 |     9 ||    12
       Potion            |       |       |     3 |       ||     3
Armor: Animal skin       |    31 |     7 |       |       ||    38
       Robe              |       |    57 |   228 |   211 ||   496
Dodge: Dodged            |    80 |    84 |   258 |   206 ||   628

Table legend: (Time is in decaauts)
 A = Elapsed time spent in this place.
 B = Non-inter-level travel time spent in this place.
 C = Inter-level travel time spent in this place.
 D = Time resting spent in this place.
 E = Time spent auto-exploring this place.
 F = Levels seen in this place.
 G = Mean time per level.
                   A        B        C        D        E       F      G
               +--------+--------+--------+--------+--------+-----+--------+
         Total |  10249 |   9762 |    487 |    521 |   5269 |  14 |  732.1 |
       Dungeon |   8219 |   7760 |    459 |    331 |   4334 |  10 |  821.9 |
        Temple |      6 |      6 |      0 |      0 |      0 |   1 |    6.0 |
          Lair |   1276 |   1249 |     27 |    125 |    816 |   2 |  638.0 |
        Bailey |    746 |    746 |      0 |     64 |    119 |   1 |  746.0 |
               +--------+--------+--------+--------+--------+-----+--------+

Top non-repeatable levels by time:
     D:8: 1384 daAuts
  Lair:1: 1271 daAuts
     D:9: 1183 daAuts
     D:2: 1012 daAuts
     D:7: 918 daAuts
     D:3: 907 daAuts
     D:1: 858 daAuts
     D:4: 829 daAuts
  Bailey: 746 daAuts
     D:6: 480 daAuts
     D:5: 438 daAuts
    D:10: 206 daAuts
  Temple: 6 daAuts
  Lair:2: 5 daAuts
